 Dungeon Crawl Stone Soup version 0.31-a0-1074-g0b22e4e0f1 (webtiles) character file.

Game seed: 8284147277565269007

235 Jeffwins the Caller (level 5, -6/45 HPs)
             Began as a Troll Summoner on Nov 29, 2023.
             Was an Initiate of Okawaru.
             Mangled by an iguana (24 damage)
             ... on level 5 of the Dungeon.
             The game lasted 00:04:02 (2756 turns).

Jeffwins the Caller (Troll Summoner)                Turns: 2756, Time: 00:04:03

Health: -6/45      AC:  4    Str: 16    XL:     5   Next: 76%
Magic:  16/16      EV:  1    Int: 13    God:    Okawaru [......]
Gold:   103        SH:  0    Dex: 10    Spells: 2/8 levels left

rFire   . .          .
                       - Unarmed
rCold   . . .        (no shield)
rNeg    . . .        a - +0 robe
rPois   .            (helmet restricted)
rElec   .            (no cloak)
rCorr   .            (gloves unavailable)
SInv    .            (boots unavailable)
Will    .....        (no amulet)
Stlth   +            W - ring of magical power
HPRegen 1.07/turn    Z - ring of wizardry
MPRegen 0.15/turn

%: wizardry (x1)
@: sleeping
A: large, unfitting armour, claws 3, regeneration 1, shaggy fur 1, tough skin 1
a: Renounce Religion


You were on level 5 of the Dungeon.
You worshipped Okawaru.
Okawaru was noncommittal.
You visited 1 branch of the dungeon, and saw 5 of its levels.

You collected 159 gold pieces.
You spent 56 gold pieces at shops.


Innate Abilities, Weirdness & Mutations

You are too large for most types of armour.
You have claws for hands.
Your natural rate of healing is unusually fast.
You are covered in fur. (AC +1)
You have tough skin. (AC +1)


   Skills:
 - Level 1.5 Dodging
 - Level 1.0 Stealth
 * Level 3.3 Unarmed Combat
 - Level 2.0 Spellcasting
 - Level 4.0 Summonings
 + Level 0.9 Invocations


You had 2 spell levels left.
You knew the following spells:

 Your Spells              Type           Power      Damage    Failure   Level
f - Summon Small Mammal   Summ           44%        N/A       1%          1
x - Call Imp              Summ           22%        N/A       3%          2
z - Call Canine Familiar  Summ           11%        N/A       6%          3

Your spell library contained the following spells:

 Spells                   Type           Power      Damage    Failure   Level
 Ensorcelled Hibernation  Hex/Ice        2%         N/A       16%         2
 Passwall                 Tmut/Erth      0%         N/A       16%         2
 Swiftness                Air            1%         N/A       28%         3
 Summon Guardian Golem    Hex/Summ       Unusable   N/A       N/A         3
 Summon Lightning Spire   Summ/Air       Unusable   N/A       N/A         4

Inventory:

Hand Weapons
 q - a +2 short sword of electrocution
Armour
 a - a +0 robe (worn)
Jewellery
 g - an amulet of regeneration
 W - a ring of magical power (left claw)
 Z - a ring of wizardry (right claw)
Talismans
 h - a flux talisman
 r - a serpent talisman
Wands
 w - a wand of flame (16)
Scrolls
 c - 4 scrolls of enchant armour {unknown}
 d - a scroll of fog {unknown}
 e - 7 scrolls of identify {unknown}
 i - a scroll of fear {unknown}
 l - a scroll of enchant weapon {unknown}
 m - 5 scrolls of teleportation {unknown}
 n - 2 scrolls of immolation {!r}
 t - a scroll of revelation {unknown}
 u - a scroll of blinking {unknown}
 v - a scroll of amnesia {unknown}
Potions
 b - a potion of magic
 f - a potion of enlightenment {unknown}
 j - 3 potions of curing {unknown}
 k - 2 potions of degeneration {unknown}
 o - a potion of cancellation {unknown}
 p - a potion of brilliance {unknown}
 s - a potion of haste {unknown}

Dungeon Overview and Level Annotations

Branches:
Dungeon (5/15)
 Temple: D:4-7

Altars:
Nemelex Xobeh
Okawaru

Shops:
D:4 *

Annotations:
D:3 1 runed translucent door, Nudhul's ghost, amateur MiBe

... #.# .#.. .####.. ##...
. # ...###... ...###....
..#.#....#..##.#........
....#.........# #.......
.........<...####.......
#.........###.........
..#...lf................
.......@................
..............##.......#
..#.............<.##....
##...>.#.#......#..... .
##.#...#.###...##..#..
..###..#...#....#.##...#..
...............#.#......#
...>....#........#..#####
...###...###(.#.......#


You could see a sleepcap and an iguana.


Message History

Found a ring mail.
Found a stone staircase leading down.
w - a wand of flame (16)
Found a stone staircase leading down.
Found an escape hatch in the floor.
An iguana comes into view.
An iguana is nearby!
An iguana is nearby!
The iguana hisses angrily.
A sleepcap comes into view.
You scratch the iguana but do no damage.
The iguana bites you!
You scratch the iguana but do no damage.
The iguana closely misses you.
You closely miss the iguana. The iguana barely misses you.
You claw the iguana!
The iguana is heavily wounded.
The iguana bites you!
You barely miss the iguana.
The iguana is heavily wounded.
The iguana bites you.
You closely miss the iguana.
The iguana is heavily wounded.
The iguana bites you. The sleepcap releases spores at you!
* * * LOW HITPOINT WARNING * * *
You are engulfed in a cloud of soporific spores!
You fall asleep.
The iguana bites you!!
Ouch! That really hurt!
You die...

Skill      XL: |  1  2  3  4  5 |
---------------+----------------+-----
Summonings     | 3 4 |  4.0
Unarmed Combat | 1 2 3 |  3.3
Spellcasting   | 2 |  2.0
Dodging        | |  1.5
Stealth        | |  1.0
Invocations    | |  0.9

Action                     |  1- 3 |  4- 6 || total
---------------------------+-------+-------++-------
  Melee: Unarmed           |   128 |   140 ||   268
         Punch             |       |     2 ||     2
   Cast: Call Imp          |       |     1 ||     1
   Stab: Sleeping          |     1 |     2 ||     3
 Armour: Robe              |    92 |    95 ||   187
  Dodge: Dodged            |    56 |    57 ||   113

Levels and vault maps discovered:
D:1:      amcnicky_arrival_gap_in_the_tavern_cellar, layout_rooms
D:2:      layout_basic, shapermc_ecumenical_altar_gd, uniq_terence
D:3:      layout_rooms, mainiacjoe_overflow_catch_the_wave, serial_undead,
          serial_undead_c, serial_undead_b, serial_undead_d, serial_undead_c,
          serial_undead_e, ebering_ghost_sewer_d,
          minmay_misc_feat_secret_circle, minmay_unequal
D:4:      layout_basic, nicolae_shop_fire_sale [nicolae_sub_dead_trees],
          minivault_14
D:5:      layout_cave_pools, serial_shops, nicolae_shop_behind_doors,
          chequers_serial_rivers_micro_c, st_stairs_5, kennysheep_path_1,
          kennysheep_diamond

Notes
Turn   | Place    | Note
-------+----------+-------------------------------------------
     0 | D:1      | Jeffwins the Troll Summoner began the quest for the Orb.
     0 | D:1      | Reached XP level 1. HP: 16/16 MP: 1/1
    46 | D:1      | Reached skill level 3 in Summonings
   112 | D:1      | Reached XP level 2. HP: 24/24 MP: 3/3
   127 | D:1      | Reached skill level 1 in Unarmed Combat
   475 | D:2      | Found a faded altar of an unknown god.
   484 | D:2      | Reached XP level 3. HP: 25/31 MP: 4/4
   491 | D:2      | Learned a level 2 spell: Call Imp
   582 | D:2      | HP: 3/31 [endoplasm (3)]
   680 | D:2      | Noticed Terence
   695 | D:2      | Killed Terence
   696 | D:2      | Reached skill level 2 in Unarmed Combat
   696 | D:2      | Reached XP level 4. HP: 11/39 MP: 5/5
   700 | D:2      | Learned a level 3 spell: Call Canine Familiar
  1298 | D:3      | Reached XP level 5. HP: 41/45 MP: 6/6
  1321 | D:3      | Found a runed translucent door.
  1414 | D:3      | Found a sparkling altar of Nemelex Xobeh.
  1506 | D:3      | Found an iron altar of Okawaru.
  1513 | D:3      | Became a worshipper of Warmaster Okawaru
  1519 | D:3      | Noticed Nudhul's ghost (amateur MiBe)
  1760 | D:3      | Reached skill level 3 in Unarmed Combat
  2176 | D:4      | Found Yskaz's Fire Supplies.
  2182 | D:4      | Bought a scroll of immolation for 56 gold pieces
  2208 | D:4      | Reached skill level 4 in Summonings
  2658 | D:5      | Entered Level 5 of the Dungeon
  2668 | D:4      | Reached skill level 2 in Spellcasting
  2756 | D:5      | Mangled by an iguana

Vanquished Creatures
  A centaur zombie (D:3)
  Terence (D:2)
  An iguana (D:4)
  5 adders
  3 worms
  4 dart slugs
  2 orcs
  8 endoplasms
  4 giant cockroaches
  4 hobgoblins
  8 jackals
  6 quokkas
  5 ball pythons
  6 bats
  A frilled lizard (D:3)
  5 goblins
  12 kobolds
  A quokka zombie (D:3)
  8 rats
85 creatures vanquished.

Table legend: (Time is in decaauts)
 A = Elapsed time spent in this place.
 B = Non-inter-level travel time spent in this place.
 C = Inter-level travel time spent in this place.
 D = Time resting spent in this place.
 E = Time spent auto-exploring this place.
 F = Levels seen in this place.
 G = Mean time per level.
                   A        B        C        D        E       F      G
               +--------+--------+--------+--------+--------+-----+--------+
         Total |   2744 |   2664 |     80 |     43 |   2003 |   5 |  548.8 |
       Dungeon |   2744 |   2664 |     80 |     43 |   2003 |   5 |  548.8 |
               +--------+--------+--------+--------+--------+-----+--------+

Top non-repeatable levels by time:
     D:2: 821 daAuts
     D:4: 701 daAuts
     D:3: 676 daAuts
     D:1: 459 daAuts
     D:5: 84 daAuts

Table legend:
 A = Non-vault XP
 B = Vault XP
 C = Vault XP percentage of total XP
 D = Non-vault monster count
 E = Vault monster count
 F = Vault count percentage of total count
                 A         B        C        D         E       F
            +---------+---------+-------+---------+---------+-------
      Total |     230 |     107 |  31.8 |      78 |       7 |   8.2
            +---------+---------+-------+---------+---------+-------
        D:1 |      37 |       0 |   0.0 |      20 |       0 |   0.0
        D:2 |      75 |      36 |  32.4 |      25 |       1 |   3.8
        D:3 |      41 |      71 |  63.4 |      19 |       6 |  24.0
        D:4 |      72 |       0 |   0.0 |      13 |       0 |   0.0
        D:5 |       5 |       0 |   0.0 |       1 |       0 |   0.0
            +---------+---------+-------+---------+---------+-------
